 Dungeon Crawl Stone Soup version 0.30-a0-728-gc68057be0a (webtiles) character file.

Game seed: 16125384235649317533

24084 Strat the Basher (level 13, -9/101 HPs)
             Began as a Gnoll Reaver on Jan 30, 2023.
             Was the Champion of Okawaru.
             Mangled by a bog body (24 damage)
             ... on level 2 of the Lair of Beasts.
             The game lasted 00:34:41 (15844 turns).

Strat the Basher (Gnoll Reaver)                    Turns: 15844, Time: 00:34:42

Health: -9/101     AC: 16    Str: 20    XL:     13   Next: 10%
Magic:  26/26      EV: 12    Int: 23    God:    Okawaru [******]
Gold:   996        SH: 10    Dex:  5    Spells: 21/31 levels left

rFire   . . .      SeeInvis .    a - +3 morningstar
rCold   . . .      Faith    .    o - +0 buckler
rNeg    . . .      Spirit   .    R - +0 acid dragon scales
rPois   .          Reflect  +    x - +0 helmet
rElec   +          Harm     .    u - +2 cloak
rCorr   +          Rampage  .    r - +0 pair of gloves
Will    +....                    l - +1 pair of boots
Stlth   +++                      Q - amulet of reflection
HPRegen 0.36/turn                f - +6 ring of intelligence
MPRegen 0.20/turn                L - ring "Vuru" {Wiz rElec Will+ Str+4 Int+3 Dex-5}

@: no status effects
A: fangs 1, strong nose, distributed training
a: Renounce Religion, Heroism, Finesse, Duel


You were on level 2 of the Lair of Beasts.
You worshipped Okawaru.
Okawaru was exalted by your worship.
You visited 3 branches of the dungeon, and saw 14 of its levels.
You also visited: Ossuary.

You collected 996 gold pieces.

Inventory:

Hand Weapons
 a - a +3 morningstar (weapon)
 b - the +0 staff of Battle
   (You found it on level 10 of the Dungeon)

   It enhances your conjuration magic.
   It summons a battlesphere in combat, with strength depending on Conjurations
   skill.
   Its strikes trigger the battlesphere's blasts.
 j - the +9 mace "Kuerak" {venom, rN+ Str+3}
   (You found it on level 7 of the Dungeon)

   Str:       It affects your strength (+3).
   rN:        It protects you from negative energy.
Missiles
 h - 20 poisoned darts
 M - 8 javelins
 N - a silver javelin
Armour
 l - a +1 pair of boots (worn)
 o - a +0 buckler (worn)
 r - a +0 pair of gloves (worn)
 u - a +2 cloak (worn)
 x - a +0 helmet (worn)
 R - +0 acid dragon scales (worn)
Jewellery
 f - a +6 ring of intelligence (left hand)
 g - a ring of protection from cold
 p - a ring of fire
 E - an amulet of magic regeneration
 G - a ring of flight
 L - the ring "Vuru" (right hand) {Wiz rElec Will+ Str+4 Int+3 Dex-5}
   (You found it on level 7 of the Dungeon)

   [ring of wizardry]

   It improves your spell success rate.
   Str:       It affects your strength (+4).
   Int:       It affects your intelligence (+3).
   Dex:       It affects your dexterity (-5).
   rElec:     It insulates you from electricity.
   Will:      It increases your willpower.
 Q - an amulet of reflection (around neck)
Wands
 w - a wand of flame (27)
 H - a wand of digging (1)
 I - a wand of quicksilver (2)
 K - a wand of mindburst (11)
Scrolls
 i - a scroll of silence
 k - 7 scrolls of teleportation
 m - a scroll of amnesia
 y - 4 scrolls of vulnerability
 D - 5 scrolls of enchant weapon
Potions
 c - a potion of curing
 d - 2 potions of might
 e - 3 potions of flight
 n - 4 potions of attraction
 q - 2 potions of haste
 s - 2 potions of magic
 t - 2 potions of ambrosia
 v - a potion of berserk rage
 A - 2 potions of resistance
 B - 3 potions of brilliance
 F - 4 potions of mutation
 P - 2 potions of lignification
 S - a potion of invisibility {unknown}


   Skills:
 + Level 9.5 Fighting
 + Level 8.2 Short Blades
 + Level 8.2 Long Blades
 + Level 8.2 Axes
 + Level 10.6 Maces & Flails
 + Level 8.2 Polearms
 + Level 8.2 Staves
 + Level 8.2 Ranged Weapons
 + Level 8.2 Throwing
 + Level 8.2 Armour
 + Level 9.5 Dodging
 + Level 8.2 Stealth
 + Level 8.2 Shields
 + Level 8.2 Unarmed Combat
 + Level 9.7 Spellcasting
 + Level 8.9 Conjurations
 + Level 6.9 Hexes
 + Level 6.9 Summonings
 + Level 6.9 Necromancy
 + Level 6.9 Translocations
 + Level 6.9 Transmutations
 + Level 6.9 Fire Magic
 + Level 6.9 Ice Magic
 + Level 6.9 Air Magic
 + Level 6.9 Earth Magic
 + Level 6.9 Poison Magic
 + Level 9.0 Invocations
 + Level 8.2 Evocations


You had 21 spell levels left.
You knew the following spells:

 Your Spells              Type           Power      Damage    Failure   Level
a - Kiss of Death         Conj/Necr      100%       2d13      1%          1
b - Momentum Strike       Conj/Tloc      94%        3d10      1%          2
c - Hailstorm             Conj/Ice       47%        3d11      1%          3
d - Passage of Golubria   Tloc           43%        N/A       2%          4

Your spell library contained the following spells:

 Spells                   Type           Power      Damage    Failure   Level
 Apportation              Tloc           86%        N/A       1%          1
 Sandblast                Erth           86%        2d18      1%          1
 Cigotuvi's Dreadful Rot  Necr/Pois/Air  86%        N/A       1%          2
 Passwall                 Tmut/Erth      35%        N/A       1%          2
 Poisonous Vapours        Pois/Air       86%        N/A       1%          2
 Ignite Poison            Fire/Tmut/Pois 43%        N/A       1%          3
 Mephitic Cloud           Conj/Pois/Air  46%        N/A       1%          3
 Portal Projectile        Hex/Tloc       86%        N/A       1%          3
 Stone Arrow              Conj/Erth      94%        3d12      1%          3
 Sticky Flame             Conj/Fire      47%        2d6       1%          4
 Dispel Undead            Necr           43%        3d17      2%          4
 Leda's Liquefaction      Hex/Erth       21%        N/A       2%          4
 Alistair's Intoxication  Tmut/Pois      28%        N/A       6%          5
 Yara's Violent Unravell  Hex/Tmut       21%        3d10      6%          5
 Ignition                 Fire           21%        3d8       100%        8
 Call Canine Familiar     Summ           Unusable   N/A       N/A         3
 Tukima's Dance           Hex            Unusable   N/A       N/A         3
 Death Channel            Necr           Unusable   N/A       N/A         6

Dungeon Overview and Level Annotations

Branches:
Dungeon (11/15)            Temple (1/1) D:4            Lair (2/5) D:11
  Swamp (0/4) Lair:2          Orc (0/2) D:11        Ossuary (visited)
  Snake: Lair:2-3    Spider: Lair:2-3

Altars:
Ashenzari
Cheibriados
Dithmenos
Elyvilon
Fedhas
Gozag
Hepliaklqana
Kikubaaqudgha
Makhleb
Nemelex Xobeh
Okawaru
Qazlal
Ru
Sif Muna
Trog
Uskayaw
Vehumet
Wu Jian
Xom
Yredelemnul
Zin
The Shining One

Annotations:
D:1 2 runed translucent doors
Lair:2 1 transporter


Innate Abilities, Weirdness & Mutations

You have very sharp teeth.
Your uncanny sense of smell can sniff out nearby items.
Your experience applies equally to all skills.


Message History

The electric eel is heavily wounded.
The electric eel shoots out a bolt of lightning at you!
The bolt of electricity misses you.
You hit the electric eel.
The electric eel is severely wounded.
The electric eel shoots out a bolt of lightning at you!
The bolt of electricity hits you. You resist.
The electric eel shoots out a bolt of lightning at you!
The bolt of electricity hits you. You resist.
The electric eel shoots out a bolt of lightning at you!
The bolt of electricity hits you but does no damage.
You resist.
You sock the electric eel!
You kill the electric eel!
Okawaru accepts your kill. The bog body attacks as you move away!
The bog body touches you. The bog body freezes you!
The bog body attacks as you move away! The bog body barely misses you.
The bog body attacks as you move away! The bog body touches you!
* * * LOW HITPOINT WARNING * * *
The bog body freezes you!!
* * * LOW HITPOINT WARNING * * *
Blink to where?
Press: ? - help, Dir - move target
As you read the scroll of blinking, it crumbles to dust.
There is a fountain of clear blue water here.
The bog body casts a spell at you. You resist with almost no effort.
You start resting.
A bog body is nearby!
You start resting.
A bog body is nearby!
The bog body points at you and mumbles some strange words.
The bolt of cold hits you!!
* * * LOW HITPOINT WARNING * * *
The bog body closely misses you.
You barely miss the bog body. The bog body touches you.
* * * LOW HITPOINT WARNING * * *
The bog body freezes you!!
You die...

.............######..............
..........#..## #...............
..............####.........#..#..
.................####............
.............#.>....###.#.......8
.............#........##.........
##...........##...........##.#...
##..............###.............
#.............@..###....8....##
##............n.............##
##..#..............#.8...8.#
#................##.......#
###..............#....8....
##............##...........
##............###...#######.
####....PPP.PPP..###....# #.
#......PPPP.PPPP...†8.###


You could see a bog body.

Vanquished Creatures
  Gastronok (Lair:2)
  A centaur warrior (D:10)
  Erica (D:8)
  2 two-headed ogres
  A boulder beetle (D:9)
  A bog body (Lair:2)
  An ugly thing (D:11)
  An oklob plant (D:11)
  Maurice (D:8)
  9 elephants (Lair:2)
  4 black mambas
  Joseph (D:10)
  2 cane toads (Lair:1)
  An unseen horror (D:11)
  2 rime drakes (Lair:1)
  A freezing wraith (D:11)
  2 tengu conjurers
  Grinder (D:3)
  A polar bear (Lair:1)
  A hornet (D:9)
  Prince Ribbit (D:7)
  2 wyverns
  Sigmund (D:2)
  A shadow (D:11)
  2 wraiths
  A basilisk (D:8)
  34 yaks
  Menkaure (D:5)
  An acid dragon (D:11)
  4 water moccasins
  An orc warrior (D:9)
  2 black bears
  A sky beast (D:7)
  3 ogres
  A phantom (D:6)
  7 centaurs
  4 kobold brigands
  2 bullfrogs
  2 scorpions (D:5)
  3 necrophages
  4 wights (D:8)
  24 killer bees
  2 electric eels (Lair:2)
  5 howler monkeys
  4 hounds
  3 orc priests
  Crazy Yiuf (D:6)
  11 orc wizards
  Jessica (D:3)
  A gnoll bouda (D:5)
  An iguana (D:6)
  9 mummies
  10 adders
  12 gnolls
  A white imp (D:7)
  2 ufetubi
  4 worms
  3 dart slugs
  21 orcs
  12 endoplasms
  A giant cockroach (D:4)
  6 goblins
  8 hobgoblins
  7 jackals
  16 kobolds
  4 quokkas
  6 ball pythons
  3 bats
  2 frilled lizards
  A gnoll zombie (Ossuary)
  4 hobgoblin zombies (Ossuary)
  2 kobold zombies (Ossuary)
  An orc zombie (Ossuary)
  4 rats
305 creatures vanquished.

Vanquished Creatures (others)
  An orc (D:6)
  15 fungi
  21 plants
  A withered plant (Lair:2)
38 creatures vanquished.

Grand Total: 343 creatures vanquished

Notes
Turn   | Place    | Note
-------+----------+-------------------------------------------
     0 | D:1      | Strat the Gnoll Reaver began the quest for the Orb.
     0 | D:1      | Reached XP level 1. HP: 20/20 MP: 6/6
   116 | D:1      | Found a large runed translucent door.
   116 | D:1      | Found a large runed translucent door.
   212 | D:1      | Reached XP level 2. HP: 14/26 MP: 7/7
   263 | D:1      | Learned a level 2 spell: Momentum Strike
   755 | D:1      | Reached skill level 5 in Spellcasting
   755 | D:1      | Reached XP level 3. HP: 29/31 MP: 7/9
  1368 | D:2      | Reached skill level 1 in Invocations
  1446 | D:2      | Noticed Sigmund
  1727 | D:2      | Found an ancient bone altar of Kikubaaqudgha.
  1864 | D:1      | Reached skill level 1 in Short Blades
  1864 | D:1      | Reached skill level 1 in Long Blades
  1864 | D:1      | Reached skill level 1 in Axes
  1864 | D:1      | Reached skill level 1 in Polearms
  1864 | D:1      | Reached skill level 1 in Staves
  1864 | D:1      | Reached skill level 1 in Ranged Weapons
  1864 | D:1      | Reached skill level 1 in Throwing
  1864 | D:1      | Reached skill level 1 in Armour
  1864 | D:1      | Reached skill level 1 in Stealth
  1864 | D:1      | Reached skill level 1 in Shields
  1864 | D:1      | Reached skill level 1 in Unarmed Combat
  1864 | D:1      | Reached skill level 1 in Evocations
  2015 | D:2      | Killed Sigmund
  2016 | D:2      | Reached skill level 1 in Hexes
  2016 | D:2      | Reached skill level 1 in Summonings
  2016 | D:2      | Reached skill level 1 in Necromancy
  2016 | D:2      | Reached skill level 1 in Translocations
  2016 | D:2      | Reached skill level 1 in Transmutations
  2016 | D:2      | Reached skill level 1 in Fire Magic
  2016 | D:2      | Reached skill level 1 in Ice Magic
  2016 | D:2      | Reached skill level 1 in Air Magic
  2016 | D:2      | Reached skill level 1 in Earth Magic
  2016 | D:2      | Reached skill level 1 in Poison Magic
  2016 | D:2      | Reached XP level 4. HP: 8/38 MP: 8/11
  2016 | D:2      | Reached XP level 5. HP: 9/43 MP: 8/12
  2143 | D:2      | Learned a level 3 spell: Hailstorm
  2483 | D:2      | Reached XP level 6. HP: 34/50 MP: 8/13
  2671 | D:3      | Noticed Jessica
  2677 | D:3      | Killed Jessica
  2690 | D:3      | Noticed Grinder
  2711 | D:3      | Killed Grinder
  2712 | D:3      | Reached skill level 5 in Fighting
  2712 | D:3      | Reached skill level 7 in Maces & Flails
  2712 | D:3      | Reached skill level 5 in Dodging
  2712 | D:3      | Reached XP level 7. HP: 29/56 MP: 2/15
  4105 | D:4      | Found a hide-covered altar of Uskayaw.
  4435 | D:4      | Found a sparkling altar of Nemelex Xobeh.
  4470 | D:4      | Found a staircase to the Ecumenical Temple.
  4480 | D:4      | HP: 2/43 [ogre/+0 giant spiked club (10)]
  4535 | Temple   | Entered the Ecumenical Temple
  4616 | Temple   | Became a worshipper of Warmaster Okawaru
  4933 | D:5      | Entered Level 5 of the Dungeon
  5026 | D:5      | Reached XP level 8. HP: 51/58 MP: 16/16
  5127 | D:5      | Noticed Menkaure
  5138 | D:5      | Killed Menkaure
  5206 | D:5      | Found a sand-covered staircase.
  5219 | Ossuary  | Entered an ossuary
  5631 | D:5      | Reached * piety under Okawaru
  6758 | D:6      | Reached XP level 9. HP: 66/69 MP: 18/18
  7228 | D:6      | Found a runed translucent door.
  7229 | D:6      | Noticed Crazy Yiuf
  7270 | D:6      | Found an ornate altar of the Wu Jian Council.
  7345 | D:6      | Reached ** piety under Okawaru
  7450 | D:6      | Killed Crazy Yiuf
  7865 | D:7      | Reached skill level 8 in Maces & Flails
  7924 | D:7      | Identified the +9 mace "Kuerak" {venom, rN+ Str+3}
  7997 | D:7      | Reached skill level 5 in Invocations
  8042 | D:7      | Noticed Prince Ribbit
  8077 | D:7      | Killed Prince Ribbit
  8229 | D:8      | Noticed Erica
  8229 | D:8      | Noticed Maurice
  8365 | D:7      | Identified the ring "Vuru" {Wiz rElec Will+ Str+4 Int+3
                  | Dex-5}
  8572 | D:8      | Reached skill level 5 in Short Blades
  8572 | D:8      | Reached skill level 5 in Long Blades
  8572 | D:8      | Reached skill level 5 in Axes
  8572 | D:8      | Reached skill level 5 in Polearms
  8572 | D:8      | Reached skill level 5 in Staves
  8572 | D:8      | Reached skill level 5 in Ranged Weapons
  8572 | D:8      | Reached skill level 5 in Throwing
  8572 | D:8      | Reached skill level 5 in Armour
  8572 | D:8      | Reached skill level 5 in Stealth
  8572 | D:8      | Reached skill level 5 in Shields
  8572 | D:8      | Reached skill level 5 in Unarmed Combat
  8572 | D:8      | Reached skill level 5 in Evocations
  8572 | D:8      | Reached XP level 10. HP: 61/77 MP: 20/20
  8587 | D:8      | Killed Erica
  8587 | D:8      | Reached *** piety under Okawaru
  8765 | D:8      | Found a glowing silver altar of Zin.
  8765 | D:8      | Found an ancient bone altar of Kikubaaqudgha.
  8893 | D:8      | Found a sacrificial altar of Ru.
  8927 | D:8      | Learned a level 4 spell: Passage of Golubria
  8972 | D:8      | Reached **** piety under Okawaru
  9235 | D:8      | Killed Maurice
  9359 | D:9      | Paralysed by a hornet for 2 turns
  9366 | D:9      | Paralysed by a hornet for 2 turns
  9370 | D:9      | Paralysed by a hornet for 2 turns
  9480 | D:9      | Received a gift from Okawaru
  9542 | D:9      | Noticed a boulder beetle
  9566 | D:9      | Killed a boulder beetle
  9566 | D:9      | Received a gift from Okawaru
  9566 | D:9      | Reached ***** piety under Okawaru
  9567 | D:9      | Reached skill level 9 in Maces & Flails
  9567 | D:9      | Reached skill level 5 in Hexes
  9567 | D:9      | Reached skill level 5 in Summonings
  9567 | D:9      | Reached skill level 5 in Necromancy
  9567 | D:9      | Reached skill level 5 in Translocations
  9567 | D:9      | Reached skill level 5 in Transmutations
  9567 | D:9      | Reached skill level 5 in Fire Magic
  9567 | D:9      | Reached skill level 5 in Ice Magic
  9567 | D:9      | Reached skill level 5 in Air Magic
  9567 | D:9      | Reached skill level 5 in Earth Magic
  9567 | D:9      | Reached skill level 5 in Poison Magic
  9567 | D:9      | Reached XP level 11. HP: 40/81 MP: 21/23
 10040 | D:10     | Entered Level 10 of the Dungeon
 10088 | D:10     | Noticed a two-headed ogre
 10098 | D:10     | Killed a two-headed ogre
 10130 | D:10     | Found a shadowy altar of Dithmenos.
 10222 | D:10     | Noticed Joseph
 10237 | D:10     | Killed Joseph
 10237 | D:10     | Received a gift from Okawaru
 10288 | D:10     | Found a stormy altar of Qazlal.
 10368 | D:10     | Noticed a centaur warrior
 10770 | D:10     | Killed a centaur warrior
 11004 | D:10     | Found the +0 staff of Battle
 11291 | D:11     | Noticed a brown ugly thing
 11413 | D:11     | Received a gift from Okawaru
 11751 | D:11     | Received a gift from Okawaru
 12042 | D:11     | Noticed a two-headed ogre
 12070 | D:11     | Killed a two-headed ogre
 12071 | D:11     | Reached XP level 12. HP: 74/89 MP: 22/24
 12507 | D:11     | Identified the +0 pair of boots "Xiti" {rF+ Int+3 Slay-6}
                  | (Okawaru gifted it to you on level 11 of the Dungeon)
 12507 | D:11     | Received a gift from Okawaru
 12583 | D:11     | Found a staircase to the Orcish Mines.
 12644 | D:11     | Found a staircase to the Lair.
 12672 | D:11     | Reached ****** piety under Okawaru
 12774 | Lair:1   | Entered Level 1 of the Lair of Beasts
 12843 | Lair:1   | Reached skill level 10 in Maces & Flails
 14776 | Lair:2   | Noticed a six-headed hydra
 15143 | Lair:2   | Noticed Gastronok
 15186 | Lair:2   | Killed Gastronok
 15374 | Lair:2   | Reached XP level 13. HP: 37/101 MP: 20/26
 15578 | Lair:2   | Found the +2 pair of slick slippers {slick, slippery, EV+5}
 15588 | Lair:2   | Found a transporter.
 15613 | Lair:2   | Identified the +0 pair of boots "Rybben" {Dex+2 Stlth+}
                  | (Okawaru gifted it to you on level 2 of the Lair of Beasts)
 15613 | Lair:2   | Received a gift from Okawaru
 15802 | Lair:2   | Found a staircase to the Swamp.
 15844 | Lair:2   | Mangled by a bog body

Illustrated notes

Levels and vault maps discovered:
D:1:      erik_arrival_cave_to_civilisation [erik_arrival_cave_to_temple],
          layout_basic
D:2:      layout_rooms, basic_altar, uniq_sigmund
D:3:      layout_basic, kennysheep_cluttered_room, minmay_between, uniq_grinder,
          uniq_jessica
D:4:      layout_loops_ring, nicolae_uskayaw_murder_on_the_dancefloor,
          nemelex_diamond_rough_becter, minmay_temple_entry_statues_pillars
D:5:      layout_loops_corners, gup_ossuary_entry_pyramid, uniq_menkaure
D:6:      layout_gridville, nicolae_wu_jian_glorious_leap,
          uniq_crazy_yiuf_cottage
D:7:      layout_cave_pools, grunt_decor_one_mirror, eino_jars,
          uniq_prince_ribbit1
D:8:      layout_rooms, lemuel_crystal_altar,
          mainiacjoe_overflow_large_starburst, uniq_erica, uniq_maurice
D:9:      nicolae_cairo_tiling_large_dashed, layout_grid_maze,
          kennysheep_generic_room_8
D:10:     layout_cave_pods, nicolae_dithmenos_shadow_blocks,
          nicolae_qazlal_general_emergency,
          hellmonk_guarded_unrand_staff_of_battle, uniq_joseph
D:11:     layout_rooms, dpeg_oklobed_lair, orc_0_dummy, lemuel_flamethrower_1
Temple:   nicolae_temple_two_arcs
Lair:1:   layout_loops_ring
Lair:2:   gammafunk_worm_tunnel, layout_cave_shapes,
          nicolae_swamp_entry_splash_gauntlet, pdpol_lair_neglected_garden,
          grunt_megastairs_4, infiniplex_staircase_pool_2, serial_bayou_shore_a,
          uniq_gastronok

Skill      XL: |  1  2  3  4  5  6  7  8  9 10 11 12 13 |
---------------+----------------------------------------+-----
Spellcasting   | 5 6 7 8 9 |  9.7
Invocations    | 1 2 3 4 5 6 7 8 9 |  9.0
Short Blades   | 1 2 3 5 6 7 8 |  8.2
Long Blades    | 1 2 3 5 6 7 8 |  8.2
Axes           | 1 2 3 5 6 7 8 |  8.2
Polearms       | 1 2 3 5 6 7 8 |  8.2
Staves         | 1 2 3 5 6 7 8 |  8.2
Ranged Weapons | 1 2 3 5 6 7 8 |  8.2
Throwing       | 1 2 3 5 6 7 8 |  8.2
Armour         | 1 2 3 5 6 7 8 |  8.2
Stealth        | 1 2 3 5 6 7 8 |  8.2
Shields        | 1 2 3 5 6 7 8 |  8.2
Unarmed Combat | 1 2 3 5 6 7 8 |  8.2
Evocations     | 1 2 3 5 6 7 8 |  8.2
Hexes          | 1 2 3 4 5 6 |  6.9
Summonings     | 1 2 3 4 5 6 |  6.9
Necromancy     | 1 2 3 4 5 6 |  6.9
Translocations | 1 2 3 4 5 6 |  6.9
Transmutations | 1 2 3 4 5 6 |  6.9
Fire Magic     | 1 2 3 4 5 6 |  6.9
Ice Magic      | 1 2 3 4 5 6 |  6.9
Air Magic      | 1 2 3 4 5 6 |  6.9
Earth Magic    | 1 2 3 4 5 6 |  6.9
Poison Magic   | 1 2 3 4 5 6 |  6.9
Fighting       | 5 6 7 8 9 |  9.5
Maces & Flails | 7 8 9 10 | 10.6
Dodging        | 5 6 7 8 9 |  9.5
Conjurations   | 6 7 8 |  8.9

Action                     |  1- 3 |  4- 6 |  7- 9 | 10-12 | 13-15 || total
---------------------------+-------+-------+-------+-------+-------++-------
  Melee: Mace              |    47 |       |    37 |    20 |       ||   104
         Bite              |     6 |     4 |    52 |    74 |     6 ||   142
         Whip              |    44 |     8 |       |       |       ||    52
         Punch             |     1 |       |       |       |       ||     1
         Flail             |       |    11 |   430 |       |       ||   441
         Morningstar       |       |       |    59 |   607 |    47 ||   713
         Staff             |       |       |       |    94 |       ||    94
   Cast: Momentum Strike   |    24 |    14 |    26 |    20 |       ||    84
         Kiss of Death     |     1 |       |     3 |     6 |       ||    10
         Hailstorm         |       |     2 |     3 |    23 |       ||    28
 Invoke: Heroism           |       |       |       |     1 |       ||     1
  Evoke: Wand              |       |       |     1 |    11 |       ||    12
    Use: Scroll            |       |     3 |    17 |    11 |     1 ||    32
         Potion            |       |       |     3 |    11 |       ||    14
   Stab: Sleeping          |       |       |     6 |     1 |       ||     7
 Armour: Leather armour    |    16 |     8 |    25 |       |       ||    49
         Troll leather arm |       |       |   179 |   285 |       ||   464
         Acid dragon scale |       |       |       |   102 |    17 ||   119
  Dodge: Dodged            |    59 |    11 |   356 |   470 |    16 ||   912
  Block: Buckler           |       |     1 |   105 |   251 |    11 ||   368

Table legend: (Time is in decaauts)
 A = Elapsed time spent in this place.
 B = Non-inter-level travel time spent in this place.
 C = Inter-level travel time spent in this place.
 D = Time resting spent in this place.
 E = Time spent auto-exploring this place.
 F = Levels seen in this place.
 G = Mean time per level.
                   A        B        C        D        E       F      G
               +--------+--------+--------+--------+--------+-----+--------+
         Total |  15941 |  15319 |    622 |   3178 |   7842 |  15 | 1062.7 |
       Dungeon |  12438 |  11854 |    584 |   1765 |   6623 |  11 | 1130.7 |
        Temple |     91 |     75 |     16 |      0 |      0 |   1 |   91.0 |
          Lair |   3115 |   3093 |     22 |   1406 |   1059 |   2 | 1557.5 |
       Ossuary |    296 |    296 |      0 |      6 |    160 |   1 |  296.0 |
               +--------+--------+--------+--------+--------+-----+--------+

Top non-repeatable levels by time:
  Lair:1: 1903 daAuts
     D:5: 1408 daAuts
     D:1: 1361 daAuts
    D:11: 1343 daAuts
    D:10: 1259 daAuts
  Lair:2: 1211 daAuts
     D:3: 1195 daAuts
     D:2: 1179 daAuts
     D:4: 1109 daAuts
     D:7: 993 daAuts
     D:6: 978 daAuts
     D:9: 900 daAuts
     D:8: 709 daAuts
 Ossuary: 296 daAuts
  Temple: 91 daAuts
